Cogmind - Beta 14 @@@ ROGUE MODE // 2024.09.13 @ 13:27:43 Player: Maulwurf Result: Destroyed by as-10979 with Assembled Blade Performance ------------- Evolutions (0) 0 Regions Visited (2) 400 Robots Destroyed (7) 35 Value Destroyed (150) 150 Prototype IDs (0) 0 Alien Tech Used (0) 0 Bonus (0) 0 TOTAL SCORE: 585 Bonus ------- None Cogmind --------- Core Integrity 0/250 Matter 295/300 Energy 250/250 System Corruption 2% Temperature Cool (0) Movement Core (200) Ox3 Location -10/Mines Parts ------- > --- POWER (1) -------- Ion Engine > --- PROPULSION (2) --- (None) > --- UTILITY (2) ------ Small Storage Unit > --- WEAPON (2) ------- (None) > --- INVENTORY (8) ---- Ion Engine Aluminum Leg Aluminum Leg Heat Sink Small Laser Peak State ------------ > --- POWER ------------ Ion Engine > --- PROPULSION ------- Light Treads Light Treads > --- UTILITY ---------- Small Storage Unit Improved Terrain Scanner > --- WEAPON ----------- Medium Laser Assault Rifle > --- INVENTORY -------- Ion Engine Aluminum Leg Aluminum Leg Small Laser [Rating: 9] Favorites ----------- Power Ion Engine Engine Ion Engine Propulsion Light Treads Treads Light Treads Utility Small Storage Unit Device Improved Terrain Scanner Storage Small Storage Unit Weapon Medium Laser Energy Gun Medium Laser Ballistic Gun Assault Rifle Ballistic Cannon Light Cannon Build | -11 -10 -10 ------- Run | Yrd Mat Min Slots Evolved . | . . . Power . | . . . Propulsion . | . . . Utility . | . . . Weapon . | . . . Parts Attached 10 | 7 1 2 Power 2 | 1 . 1 Engine 2 | 1 . 1 Core . | . . . Reactor . | . . . Propulsion 2 | 2 . . Treads 2 | 2 . . Leg . | . . . Wheel . | . . . Hover . | . . . Flight . | . . . Utility 3 | 2 1 . Device 2 | 1 1 . Storage 1 | 1 . . Processor . | . . . Hackware . | . . . Protection . | . . . Artifact . | . . . Weapon 3 | 2 . 1 Energy Gun 1 | 1 . . Energy Cannon . | . . . Ballistic Gun 1 | 1 . . Ballistic Cannon 1 | . . 1 Launcher . | . . . Special Weapon . | . . . Impact Weapon . | . . . Slashing Weapon . | . . . Piercing Weapon . | . . . Special Melee Weapon . | . . . Unidentified Prototypes . | . . . Parts Lost 7 | . 1 6 Power 1 | . . 1 Propulsion 2 | . . 2 Utility 1 | . . 1 Weapon 3 | . 1 2 Highest Loss Streak 5 | . 1 5 To Critical Strikes . | . . . Average Slot Usage (%) 93 | . 100 87 Engine 13 | . 14 12 Treads 25 | . 28 23 Device 12 | . 14 10 Storage 14 | . 14 14 Energy Gun 12 | . 14 10 Ballistic Gun 7 | . 14 . Ballistic Cannon 7 | . . 14 Peak Build Rating 9 | 9 9 9 Average Rating 7 | 6 9 7 On Entrance 4 | . 6 8 Naked Turns . | . . . Heaviest Build 16 | 15 15 16 Greatest Support 40 | 40 40 40 Greatest Overweight (x) 4 | . . 4 Average Overweight (x) . | . . . Largest Inventory Capacity 8 | 8 8 8 Average Capacity 7 | 7 8 8 Most Carried 7 | 6 7 6 Average Carried 4 | 3 5 5 Final Capacity 8 | 8 8 8 Final Carried 7 | 5 7 5 Class Distribution -------------------- 100% | Mutant Dominant Class ---------------- Mutant | -10/Materials Mutant | -10/Mines Resources | -11 -10 -10 ----------- Run | Yrd Mat Min Matter Collected 387 | 271 81 35 Remotely . | . . . Salvage Created 199 | 72 101 26 Parts 13 | 11 2 . Haulers Intercepted . | . . . Recyclers Shooed . | . . . Parts Field Recycled . | . . . Retrieved Matter . | . . . Parts Self-Destructed . | . . . Prevented . | . . . Kills | -11 -10 -10 ------- Run | Yrd Mat Min Combat Hostiles Destroyed 4 | . 2 2 Guns 2 | . 2 . Cannons 2 | . . 2 Classes Destroyed 4 | 2 1 1 Worker 1 | 1 . . Tunneler 3 | 3 . . Grunt 3 | . 2 1 Assembled 1 | . . 1 Best Kill Streak 3 | 3 1 1 Combat Bots Only 1 | . 1 1 Max Kills in Single Turn 1 | 1 1 1 Gunslinging . | . . . Exploded . | . . . Melee . | . . . Uniques/NPCs Destroyed . | . . . Combat | -11 -10 -10 -------- Run | Yrd Mat Min Hostile Shots Fired 91 | . 35 56 Missed 23 | . 7 16 Damage Taken 1122 | . 389 733 Core 265 | . 40 225 Absorbed by Shields . | . . . Core Remaining (%) 100 | 100 . . Volleys Fired 33 | 10 14 9 Largest 2 | 2 2 2 Hottest 85 | 70 70 85 Shots Fired 65 | 20 28 17 Gun 56 | 20 28 8 Cannon 9 | . . 9 Launcher . | . . . Special . | . . . Kinetic 33 | 10 14 9 Thermal 32 | 10 14 8 Explosive . | . . . Electromagnetic . | . . . Robot Hit Streak 6 | 6 6 6 Robot Miss Streak 5 | 5 3 1 Penetration Max . | . . . Secondary Targets . | . . . Shots Hit Robots 43 | 9 21 13 Core Hits 11 | 4 5 2 Critical Kills . | . . . Critical Parts Destroyed . | . . . Critical Strikes 3 | . . 3 Burn 1 | . . 1 Blast 2 | . . 2 Melee Attacks . | . . . Impact . | . . . Slashing . | . . . Piercing . | . . . Sneak Attacks . | . . . Combat Hostiles . | . . . Follow-up Attacks . | . . . Damage Inflicted 611 | 135 259 217 Guns 467 | 135 257 75 Cannons 142 | . . 142 Explosions . | . . . Melee . | . . . Ramming 2 | . 2 . Kinetic 332 | 60 130 142 Thermal 277 | 75 127 75 Explosive . | . . . Electromagnetic . | . . . Impact . | . . . Slashing . | . . . Piercing . | . . . Highest Corruption 2 | . . 2 Average Corruption 2 | . . 2 Corruption Purged . | . . . Corruption Blocked . | . . . Effects 1 | . . 1 Matter Fused 1 | . . 1 Overload Shots . | . . . Overflow Damage . | . . . Projectiles . | . . . Explosions . | . . . Melee . | . . . Knockbacks 3 | . . 3 Impact . | . . . Kinetic 3 | . . 3 Secondary . | . . . Self-Inflicted Damage . | . . . Shots . | . . . Rammed 1 | . 1 . Targets Rammed 1 | . 1 . Kicked . | . . . Crushed . | . . . Highest Temperature 189 | 27 189 92 Average Temperature 48 | 12 75 38 Received Heat Transfer 418 | . 222 196 Siege Activations . | . . . Robots Corrupted . | . . . Combat Hostiles . | . . . Parts Fried . | . . . Impact Corruptions . | . . . Robots Melted . | . . . Combat Hostiles . | . . . Parts Melted 2 | . . 2 Heat Transferred 888 | 222 370 296 Parts Sabotaged . | . . . Parts Stolen . | . . . Parts Stripped . | . . . Power Chain Reactions . | . . . Alert | -11 -10 -10 ------- Run | Yrd Mat Min Peak Influence 81 | 20 81 47 Initial 27 | . 13 27 Average 26 | 6 34 36 Maximum Alert Level . | . . . Low Security (%) 100 | 100 100 100 Level 1 . | . . . Level 2 . | . . . Level 3 . | . . . Level 4 . | . . . Level 5 . | . . . High Security . | . . . Max Security . | . . . Squads Dispatched 1 | . 1 . Investigation . | . . . Extermination . | . . . Reinforcement 1 | . 1 . Assault . | . . . Garrison . | . . . Intercept . | . . . Searches Triggered . | . . . Construction Impeded . | . . . Haulers Reinforced . | . . . Active Scanning Responses . | . . . Cargo Convoy Interrupts . | . . . Stealth | -11 -10 -10 --------- Run | Yrd Mat Min Distress Signals . | . . . Communications Jammed . | . . . Distress Signals . | . . . Times Spotted 19 | . 7 12 Peak Tracking Total 9 | . 3 9 Tactical Retreats 2 | . 1 1 Traps | -11 -10 -10 ------- Run | Yrd Mat Min Traps Triggered . | . . . Indirectly . | . . . Trap Hack Attempts . | . . . Triggered . | . . . Disarmed . | . . . Reprogrammed . | . . . Reused . | . . . Traps Extracted . | . . . Installed . | . . . Triggered . | . . . Machines | -11 -10 -10 ---------- Run | Yrd Mat Min Machines Disabled . | . . . Max in Single Turn . | . . . Machines Repaired . | . . . Machines Dismantled . | . . . Machines Sabotaged . | . . . Overloaded Fab Kills . | . . . Hacking | -11 -10 -10 --------- Run | Yrd Mat Min Machines Accessed 1 | . 1 . Terminals 1 | . 1 . Fabricators . | . . . Repair Stations . | . . . Recycling Units . | . . . Scanalyzers . | . . . Garrison Access . | . . . Total Hacks 1 | . 1 . Successful 1 | . 1 . Failed . | . . . Catastrophic . | . . . Database Lockouts . | . . . Manual 1 | . 1 . Terminals 1 | . 1 . Fabricators . | . . . Repair Stations . | . . . Recycling Units . | . . . Scanalyzers . | . . . Garrison Access . | . . . Terminal Hacks . | . . . Fabricator Hacks . | . . . Repair Station Hacks . | . . . Recycling Unit Hacks . | . . . Scanalyzer . | . . . Garrison Access Hacks . | . . . Unauthorized Hacks 1 | . 1 . Terminals 1 | . 1 . Track 1 | . 1 . Fabricators . | . . . Repair Stations . | . . . Recycling Units . | . . . Scanalyzers . | . . . Garrison Access . | . . . Data Cores Recovered . | . . . Used . | . . . Hacking Detections . | . . . Full Trace Events . | . . . Feedback Events . | . . . Feedback Blocked . | . . . Robot Schematics Acquired . | . . . Robots Built . | . . . Authchips . | . . . Time . | . . . Total Robot Build Rating . | . . . Part Schematics Acquired . | . . . Parts Built . | . . . Authchips . | . . . Time . | . . . Total Part Build Rating . | . . . Parts Repaired . | . . . Time . | . . . Parts Recycled . | . . . Recycled Matter . | . . . Retrieved Matter . | . . . Retrieved Components . | . . . Parts Scanalyzed . | . . . Part Schematics Acquired . | . . . Parts Damaged . | . . . Bothacking | -11 -10 -10 ------------ Run | Yrd Mat Min Used RIF Installer . | . . . Robots Hacked . | . . . Non-combat . | . . . Combat . | . . . Robot Hacks Applied . | . . . Relay Couplers Released . | . . . Fabnet Peak Effective % . | . . . Robots Rewired . | . . . Allies Hacked . | . . . Hacks Repelled . | . . . Allies | -11 -10 -10 -------- Run | Yrd Mat Min Total Allies . | . . . Largest Group . | . . . Highest-Rated Group . | . . . Highest-Rated Ally . | . . . Total Orders . | . . . Ally Attacks . | . . . Total Damage . | . . . Kills . | . . . Allies Corrupted . | . . . Allies Melted . | . . . Intel | -11 -10 -10 ------- Run | Yrd Mat Min Robot Analysis Total . | . . . Derelict Logs Recovered 1 | . . 1 Drone Launches . | . . . Drone Recoveries . | . . . Exploration | -11 -10 -10 ------------- Run | Yrd Mat Min Turns Passed 492 | 153 166 173 Spaces Moved 226 | 71 73 82 Core 13 | 9 . 4 Treads 213 | 62 73 78 Legs . | . . . Wheels . | . . . Hover . | . . . Flight . | . . . Fastest Speed 50 | 50 160 160 Average Speed 157 | 146 160 164 Slowest Speed 250 | 160 160 250 Overloaded Moves . | . . . Propulsion Burnouts . | . . . Robots Hopped . | . . . Cave-ins Triggered . | . . . Exploration Rate (%) 15 | 5 19 21 Regions Visited 2 Branch Regions 1 Pre-discovered Areas . | . . . Known Exits Taken . | . . . Unknown Exits Taken 2 | 1 1 . Scrap Searched . | . . . Spaces Dug . | . . . Terrain Destroyed . | . . . Melee . | . . . Projectile . | . . . AOE . | . . . Terrain Rammed . | . . . Walls Destroyed . | . . . Machines Disabled . | . . . Actions | -11 -10 -10 --------- Run | Yrd Mat Min Total 298 | 101 94 103 Wait 13 | . 3 10 Move 224 | 70 72 82 Hop . | . . . Pick Up 15 | 12 3 . Fast Attach . | . . . Attach 10 | 7 1 2 Detach 1 | 1 . . Swap . | . . . Drop 1 | 1 . . Fire 33 | 10 14 9 Melee . | . . . Ram . | . . . Kick . | . . . Crush 1 | . 1 . Escape Stasis . | . . . Rewire . | . . . Trap . | . . . Miscellaneous . | . . . Route ------- -11/Scrapyard -10/Materials -10/Mines History --------- Turn | Location | Event 20 | -11/Scrapyard | Discovered new exit (range 15) 154 | -11/Scrapyard | Entered Materials 303 | -10/Materials | Discovered new exit (range 12) 308 | -10/Materials | Build established: Mutant 320 | -10/Materials | Entered Mines 425 | -10/Mines | Met a Derelict bent on vengeance 439 | -10/Mines | Assembled infested the area 457 | -10/Mines | Core integrity fell below 50% 478 | -10/Mines | Core integrity fell below 20% 493 | -10/Mines | Destroyed by as-10979 with Assembled Blade Last Messages --------------- 00399_ K-01 Serf collects debris. 00425_ Acquired derelict log, extracted data. Data stored: Recycling entrances (x1). 00439_ ALERT: Infestation in the mines, dispatching Demolisher response squad. 00444_ as-18912 knocked back. 00447_ as-18912 suffers critical hit (Blast). 00447_ as-18912 destroyed. 00450_ Imp. Terrain Scanner destroyed. 00450_ as-90105 knocked back. 00455_ Med. Laser destroyed. 00463_ Lgt. Treads destroyed. 00466_ as-05038 sneak attacks. 00466_ U-05 Engineer system corrupted by crushing effect. 00467_ U-05 Engineer system terminally corrupted. 00474_ Lgt. Treads destroyed. 00474_ System corrupted by crushing effect (+2). 00474_ Knocked back. 00493_ System corrupted: Matter fused (-10). 00493_ Lgt. Cannon destroyed. Map ----- +----------------------------------------------------+ | ??????####???????????????????????????????????????? | | ?????? #???? ??"???????????????????????????????? | | ?????## #?#?????????????????????????????????????? | | ?????# #???????????????????????????????????????? | | ????## #???????????"???????????????????????????? | | ##### ##???????????????????????????????????????? | | #??? ????????? ??????????????????????????? | | ##???????????????????????????????????????? | | ##??????????? ??????????????????????????? | | ##?????????? ??????????????????????????? | | #?? ??????? ??????????????????????????? | | % ## #?????????? ?????????????????????????? | | ### ##???????""" ??????????????????????????? | | ### ##????"???""" ??????????????????????????? | | ####?? ??????""" ??????????????????????????? | | ##?????????? ??????????????????????????? | | # ####???????# #??????????????????????????? | | # ##?????#?# #??????????????????????????? | | # ## #???????# #??????????????????????????? | | # ##?# #???????# #??????????????????????????? | | #??# ##??????# #??????????????????????????? | | # #### ####???# #??????????????????????????? | | # ## ##??# #####??????????????????????? | | ## % #### #??????????????????????? | | ?#### ###a#??????????????????????? | | ??#### % #?#@#??????????????????????? | | ?????## % ########?# #??????????????????????? | | ??????## #????????# #??????????????????????? | | ???????# ##????????# #??????????????????????? | | ?#?????# #?????????#s#??????????????????????? | | ???????# ???????? ??????????????????????? | | ???????# % #??????" ??????????????????????? | | ???????# # #??????" ??????????????????????? | | ?????? #??????" ??????????????????????? | | ?????### ### #?????? ??????????????????????? | | ???????# #?# ###?????? ??????????????????????? | | ??? ???# #?# #????????###??????????????????????? | | ???????# #?? #?????????????????????????????????? | | ???????# #?? #?????????????????????????????????? | | ???????# ??? ?????????????????????????????????? | | ??????? ???? ??????????????????????????????????? | | ???????? ???????????????????????????????????????? | | ???????? ???????????????????????????????????????? | | ?????????????????????????????????????????????????? | | ?????????????????????????????????????????????????? | | ?????????????????????????????????????????????????? | | ?????????????????????????????????????????????????? | | ?????????????????????????????????????????????????? | | ?????????????????????????????????????????????????? | | ?????????????????????????????????????????????????? | +----------------------------------------------------+ Best States ------------- Heat Dissipation 25 Energy Generation 10 Energy Capacity 250 Matter Stores 300 Matter Capacity 300 Sight Range 16 Terrain Scan Range 16 Terrain Scan Density 10 Evasion (%) 40 Recoil Reduction 2 Item Schematics ----------------- None Robot Schematics ------------------ None Fabricated ------------ Nothing Alien Tech Used ----------------- None Achievements -------------- None Challenges ------------ None Game ------ Seed EfficiencyArmoredChronowheel Manual? 0 Play Time 00:07:25 Cumulative 12.0 hours Start 2024.09.13 @ 13:21:54 End 2024.09.13 @ 13:27:43 Sessions 1 Manual Loads 0 Difficulty Rogue Special Mode None Game No. 28 Rogue 28 Adventurer 0 Explorer 0 Win Type - Total 0 Types 0/0/0/0/0/0/0/0/0 Lore% 12 Gallery% 11 Achievement% 17 Wizard Run 0 Options --------- Layout 0 ASCII 0 Keyboard 1 Movement Numpad Keybinds 0 Fullscreen 1 Font 18/SmallcapsGlow Map View 76x50 Zoom Use 0% Tactical HUD 1 Map Filters NONE Filters NONE Steam 1 RUN: e4d44772-c3d8-4bb1-83da-3d2398be047e